Unix NetHack Version 5.0.0-0 post-release - last build Jun 10 2026 00:39:30 (3ee93aec679c4c4259841fe613dc97188e26a321,branch:main).

Game began 2026-06-18 06:05:42, ended 2026-06-18 06:11:24.

FutureTim, lawful female human Valkyrie

                              -----
                              |<..|
                              |..*|
        -----------          #....+
        |)))))))).|          #-----
        |))@m)))).|          ##
        |))d)[)))@-#####      ##
        |))[)[))).|    ###     #
        |))[)]))..|      #     #
        |[)).)))).|      #-----#
        -----------      #|...|#
                         #|....#
                         #....|
                          |....
                          -----

FutureTim the Skirmisher    St:17 Dx:14 Co:18 In:7 Wi:9 Ch:10  Lawful
Dlvl:3  $:172 HP:0(39) Pw:7(7) AC:6  Xp:3 T:903 

Latest messages:
 This door is locked.
 This door is locked.
 This door is locked.
 This door is locked.
 This door is locked.
 In what direction? 4
 Whammm!!
 In what direction? 4
 As you kick the door, it crashes open!
 "Velkommen, FutureTim!  Welcome to Rouffiac's antique weapons outlet!"
 You see here a morning star (for sale, 13 zorkmids).
 You see here a sling (for sale, 27 zorkmids).
 You see here a morning star (for sale, 13 zorkmids).
 You see here 10 darts (for sale, 30 zorkmids).
 You see here 6 shuriken (for sale, 42 zorkmids).
 You see here a single-edged polearm (for sale, 8 zorkmids).
 You see here 6 silver arrows (for sale, 42 zorkmids).
 You see here a crossbow (for sale, 53 zorkmids).
 You see here 7 orcish arrows (for sale, 21 zorkmids).
 You see here a silver dagger (for sale, 53 zorkmids).
 You see here a pruning hook (for sale, 7 zorkmids).
 You see here a vulgar polearm (for sale, 13 zorkmids).
 You see here an orcish bow (for sale, 80 zorkmids).
 The little dog picks up a crossbow.
 That strange object is a small mimic!
 You hit the small mimic!
 The small mimic hits!
 You hit the small mimic!
 You hit the small mimic.
 You miss the small mimic.
 You miss the small mimic.
 You hit the small mimic.
 You miss the small mimic.
 The small mimic hits!
 You hit the small mimic.
 The little dog drops a crossbow.
 The small mimic hits!
 You hit the small mimic.
 The small mimic hits!
 You miss the small mimic.
 You miss the small mimic.
 The little dog picks up a war hammer.
 You miss the small mimic.
 The small mimic hits!
 You hit the small mimic.
 You miss the small mimic.
 The small mimic hits!
 You die...
 Rouffiac gratefully inherits all your possessions.
 Do you want to see what you had when you died? [ynq] (y) q

Inventory:
 Coins    ('$')
  $ - 172 gold pieces
 Weapons  (')')
  b - a +0 dagger (alternate weapon; not wielded)
  a - a corroded +1 spear (weapon in right hand)
 Armor    ('[')
  c - an uncursed +3 small shield (being worn)
 Comestibles  ('%')
  d - 3 uncursed food rations
 Scrolls  ('?')
  i - an uncursed scroll of confuse monster
  j - an uncursed scroll of punishment
 Wands    ('/')
  f - a wand of digging (0:6)
  k - a wand of opening (0:7)
 Tools    ('(')
  e - an uncursed oil lamp

FutureTim the Valkyrie's attributes:

Background:
 You were a Skirmisher, a level 3 human Valkyrie.
 You were lawful, on a mission for Tyr
 who was opposed by Odin (neutral) and Loki (chaotic).
 You were right-handed.
 You were in the Dungeons of Doom, on level 3.
 You entered the dungeon 903 turns ago.
 You had 40 experience points, 40 more were needed to attain level 4.

Basics:
 You had 0 out of 39 hit points.
 You had all 7 energy points (spell power).
 Your armor class was 6.
 Your wallet contained 172 zorkmids.
 Autopickup was off.

Final Characteristics:
 Your strength was 17 (limit:18/100).
 Your dexterity was 14 (limit:18).
 Your constitution was 18 (limit:18).
 Your intelligence was 7 (limit:18).
 Your wisdom was 9 (limit:18).
 Your charisma was 10 (limit:18).

Final Status:
 You weren't hungry.
 You were unencumbered.
 You were wielding a spear.
 You had basic skill with spear.

Final Attributes:
 You were fervently aligned.
 You were cold resistant.
 You were stealthy.
 You are dead.

Miscellaneous:
 You didn't encounter any bones levels.
 Total elapsed playing time was 5 minutes and 41 seconds.

Major events:
 Turn
    1: FutureTim the lawful human Valkyrie entered the dungeon
  799: attained the rank of Skirmisher (level 3)
  903: killed by a small mimic

You didn't know any spells.

Skills:
 Fighting Skills
   bare handed combat [Unskilled]
   two weapon combat  [Unskilled]
   riding             [Unskilled]
 Weapon Skills
   dagger             [Basic]
   axe                [Unskilled]
   pick-axe           [Unskilled]
   short sword        [Unskilled]
   broadsword         [Unskilled]
   long sword         [Unskilled]
   two-handed sword   [Unskilled]
   saber              [Unskilled]
   hammer             [Unskilled]
   quarterstaff       [Unskilled]
   polearms           [Unskilled]
   spear              [Basic]
   trident            [Unskilled]
   lance              [Unskilled]
   sling              [Unskilled]
 Spellcasting Skills
   attack spells      [Unskilled]
   escape spells      [Unskilled]

Voluntary challenges:
 Character rerolling was not enabled.
 You were an atheist.
 You never genocided any monsters.
 You never polymorphed an object.
 You never changed form.
 You used no wishes.
Achievements:
 You attained the rank of Skirmisher.
 You entered a shop.

 The Dungeons of Doom: levels 1 to 3
    Level 1:
       A fountain.
    Level 2:
       A sink.
    Level 3: <- You were here.
       A weapon shop.
       Final resting place for
          you, killed by a small mimic.


Vanquished creatures:
  2 acid blobs
  a brown mold
  a jackal
  a fox
  2 kobolds
  a goblin
  3 sewer rats
  7 grid bugs
  2 lichens
  4 newts
24 creatures vanquished.

No species were genocided or became extinct.

Game over:
                       ----------
                      /          \
                     /    REST    \
                    /      IN      \
                   /     PEACE      \
                  /                  \
                  |    FutureTim     |
                  |      172 Au      |
                  |   killed by a    |
                  |   small mimic    |
                  |                  |
                  |                  |
                  |       2026       |
                 *|     *  *  *      | *
        _________)/\\_//(\/(/\)/\//\/|_)_______

Farvel FutureTim the Valkyrie...

You died in The Dungeons of Doom on dungeon level 3 with 445 points,
and 172 pieces of gold, after 903 moves.
You were level 3 with a maximum of 39 hit points when you died.

